 Dungeon Crawl Stone Soup version 0.28-a0-687-gb91baff9cc (webtiles) character file.

Game seed: 4136766460723277839

0 spiderkeys the Skirmisher (level 1, -2/11 HPs)
             Began as a Vine Stalker Abyssal Knight on Oct 20, 2021.
             Was a Follower of Lugonu.
             Slain by a thrashing horror (5 damage)
             ... on level 3 of the Abyss.
             The game lasted 00:00:23 (75 turns).

spiderkeys the Skirmisher (VSAK)                      Turns: 75, Time: 00:00:24

Health: -2/11      AC:  3    Str: 15    XL:     1   Next: 0%
Magic:  0/3        EV: 11    Int: 10    God:    Lugonu [*.....]
Gold:   8          SH:  0    Dex: 14    Spells: 0/0 levels left

rFire   . . .      SeeInvis .   a - +1 short sword
rCold   . . .      Faith    .   (no shield)
rNeg    . . .      Spirit   +   b - +0 leather armour
rPois   .          Reflect  .   (no helmet)
rElec   .          Harm     .   (no cloak)
rCorr   .          Rampage  .   (no gloves)
Will    .....                   (no boots)
Stlth   +.........              (no amulet)
HPRegen 0.03/turn               (no ring)
MPRegen 0.08/turn               (no ring)

@: no status effects
A: fangs 2, magic shield, antimagic bite, no potion heal 2
a: Renounce Religion, Depart the Abyss


You were on level 3 of the Abyss.
You worshipped Lugonu.
Lugonu was aware of your devotion.
You visited 0 branches of the dungeon, and saw 0 of its levels.
You visited the Abyss 1 time.

You collected 8 gold pieces.


Innate Abilities, Weirdness & Mutations

You have extremely sharp teeth.
When hurt, damage is shared between your health and your magic reserves.
Your bite disrupts and absorbs the magic of your enemies.
Potions cannot restore your health.


   Skills:
 + Level 2.6 Fighting
 + Level 1.7 Short Blades
 + Level 1.5 Armour
 + Level 0.7 Dodging
 + Level 1.7 Invocations


You couldn't memorise any spells.
You didn't know any spells.
Your spell library was empty.

Inventory:

Hand Weapons
 a - a +1 short sword (weapon)
Armour
 b - a +0 leather armour (worn)
Potions
 c - a potion of flight {unknown}

Dungeon Overview and Level Annotations

Branches:
Dungeon (0/15)

Altars:

..# ..........# .
##.##..#.#......
....#.#...#.#.#..#.
#..........#...# #
.....# .#.#.....# ..
..#...##........##...
..#.##...#.#........
#.# .#..#.X....#
.#....#...@.X#..#
......#....$###
.#..$........#
...........#.
#.....#.#.#. #..#...
. . ....#.# # . # ..


You could see 2 thrashing horrors.


Message History

🤖 Initializing magus.rc ... ✅ Successfully initialized magus.rc [v1.9.10] Welcome, spiderkeys the Vine Stalker Abyssal Knight.
Everyone else who sought the Orb of Zot has failed.
Will you be different?
Lugonu says: Depart the Abyss and spread corruption, my servant! (use the ability menu to exit the Abyss) Press ? for a list of commands and other information.
Found a corrupted altar of Lugonu.
Found a gateway leading out of the Abyss.
c - a bubbling purple potion
Found a gateway leading deeper into the Abyss.
You now have 8 gold pieces.
There is a gateway leading deeper into the Abyss here.
You plunge deeper into the Abyss.
You see here a +0 ring mail.
A will-o-the-wisp comes into view.
The will-o-the-wisp gives a chilling moan.
A small abomination comes into view.
The will-o-the-wisp gestures.
The will-o-the-wisp conjures some foxfire! 2 foxfires come into view.
Found a gateway leading deeper into the Abyss.
The will-o-the-wisp gestures.
The will-o-the-wisp conjures some foxfire!
A foxfire comes into view.
The foxfire moves out of view.
The small abomination hits you!
Ouch! That really hurt!
* * * LOW HITPOINT WARNING * * *
😱 HP[-9] MP[-2]
You take 9 damage, and now have 2/11 hp.
MASSIVE DAMAGE!! (PAUSE)
You lost 2 mp, and now have 1/3 mp. 😨 HP[+1]
The small abomination closely misses you.
There is a gateway leading deeper into the Abyss here.
The small abomination completely misses you.
You plunge deeper into the Abyss.
The abyssal rune of Zot can be found at this depth.
A thrashing horror comes into view.
The thrashing horror moves out of view.
The thrashing horror roars!
You hear a roar! x2
A thrashing horror comes into view. x2
The thrashing horror moves out of view.
The thrashing horror closely misses you.
The thrashing horror tramples you.
You die...

Action                   || total
-------------------------++-------
Dodge: Dodged            ||     3

Levels and vault maps discovered:
Abyss:3:  base: Temple, minivault_13, hangedman_abyss_shoalhut

Notes
Turn   | Place    | Note
-------+----------+-------------------------------------------
     0 | Abyss:1  | spiderkeys the Vine Stalker Abyssal Knight began the quest
                  | for the Orb.
     0 | Abyss:1  | Reached XP level 1. HP: 11/11 MP: 3/3
     0 | Abyss:1  | magus.rc [v1.9.10]
    49 | Abyss:2  | Noticed a will-o-the-wisp
    53 | Abyss:2  | Noticed a small abomination
    63 | Abyss:2  | HP: 2/11 [small abomination (9)]
    73 | Abyss:3  | Noticed a thrashing horror
    74 | Abyss:3  | Noticed a thrashing horror
    74 | Abyss:3  | Noticed a thrashing horror
    75 | Abyss:3  | Slain by a thrashing horror

Vanquished Creatures (others)
  4 foxfires (Abyss:2)
4 creatures vanquished.

Table legend:
 A = Non-vault XP
 B = Vault XP
 C = Vault XP percentage of total XP
 D = Non-vault monster count
 E = Vault monster count
 F = Vault count percentage of total count
                 A         B        C        D         E       F
            +---------+---------+-------+---------+---------+-------
      Total |       0 |       0 |   N/A |       0 |       0 |  -nan
            +---------+---------+-------+---------+---------+-------
            +---------+---------+-------+---------+---------+-------

Illustrated notes

Table legend: (Time is in decaauts)
 A = Elapsed time spent in this place.
 B = Non-inter-level travel time spent in this place.
 C = Inter-level travel time spent in this place.
 D = Time resting spent in this place.
 E = Time spent auto-exploring this place.
 F = Levels seen in this place.
 G = Mean time per level.
                   A        B        C        D        E       F      G
               +--------+--------+--------+--------+--------+-----+--------+
         Total |     74 |     74 |      0 |      0 |      3 |   3 |   24.7 |
         Abyss |     74 |     74 |      0 |      0 |      3 |   3 |   24.7 |
               +--------+--------+--------+--------+--------+-----+--------+

Top non-repeatable levels by time:
 Abyss:1: 37 daAuts
 Abyss:2: 31 daAuts
 Abyss:3: 5 daAuts
